[Event "Budapest GM ONE WEEK Feb 2024"]
[Site "Budapest"]
[Date "2024.03.02"]
[Round "9.4"]
[White "Gaal, Zsoka"]
[Black "Pribelszky, Bence"]
[Result "1/2-1/2"]
[ECO "A47"]
[WhiteElo "2341"]
[BlackElo "2371"]
[Annotator "TA"]
[PlyCount "72"]
[EventDate "2024.02.25"]
[EventType "tourn"]
[EventCountry "HUN"]
[SourceTitle "playchess.com"]
[Source "ChessBase"]
[SourceQuality "1"]
[TimeControl "5400+30"]

1. Nf3 Nf6 2. g3 b6 3. Bg2 Bb7 4. d4 c5 5. dxc5 bxc5 6. c4 g6 7. Nc3 Bg7 8. O-O O-O 9. Nd5 Nxd5 10. cxd5 d6 11. e4 Nd7 12. Qa4 a5 13. Re1 Ba6 14. Qc2 {[%emt 0:03:39] Wards off Bd3} Qb6 15. Rb1 Qb4 16. Bd2 Qc4 17. Bc3 Qd3 18. Qa4 Bxc3 (18... Nb6 {simplifies} 19. Qxa5 Rfb8 20. Bxg7 Kxg7 21. Qd2 Qxd2 22. Nxd2 Na4) 19. bxc3 Nf6 ({Black should play} 19... Rfd8 $11) 20. e5 (20. Rbc1 $14) 20... Nxd5 $11 {[%emt 0:06:07][%cal Bf6d5,Bd5c3,Bc3b1][%mdl 32] The position is equal.} 21. Qh4 (21. exd6 Nxc3 (21... Qxc3 $2 22. dxe7 Nxe7 23. Rxe7 $18) 22. Qh4 Qxd6 $15 (22... Nxb1 23. dxe7 Rfe8 24. Ng5 $17)) 21... Nxc3 (21... Qxc3 $2 22. Ng5 h5 23. Bxd5 $18) 22. Qh6 f6 {[%emt 0:05:09] Dodges Ng5} (22... Nxb1 23. Ng5) 23. exf6 exf6 ({Worse is} 23... Nxb1 24. Qg7#) (23... Rxf6 $2 24. Ng5 Rf7 25. Bxa8 $18 (25. Nxf7 Ne2+ 26. Kh1 Kxf7 $18)) 24. Bf1 Qxb1 (24... Qxf3 $5 25. Re7 $8 Rf7 (25... Nxb1 26. Qxh7#) 26. Rxf7 Kxf7 27. Qxh7+ Kf8 (27... Ke6 28. Bh3+ f5 29. Qxg6+ Kd7 30. Bg2 $11) 28. Qh6+ Ke7 29. Qh7+ Ke6 30. Bh3+ f5 31. Qxg6+ Ke7 32. Qg7+ Ke6 $11 (32... Kd8 33. Bg2 $11)) 25. Rxb1 Nxb1 26. Nh4 {[%emt 0:05:09][%cal Oh4g6] [#] Strongly threatening Nxg6!} Bxf1 27. Kxf1 Rf7 28. Nxg6 $1 {[%emt 0:00:08] Nh4 is the strong threat.} Nd2+ 29. Qxd2 hxg6 30. Qxd6 {[%emt 0:00:08][%mdl 4096] Endgame. KQ-KRR} Rc8 31. Qa6 Rcc7 {[%emt 0:00:13] [#] And now ...c4 would win.} 32. Qxa5 c4 {[%emt 0:00:09] ...c3 would now be deadly.} 33. Qc3 Kg7 34. h4 Rfd7 35. g4 Rd3 36. Qa5 Rdd7 {[%emt 0:01:35] An interesting draw.   Weighted Error Value: White=0.06 (flawless) /Black=0.05 (flawless) .  Mistake:       	White=1     	Black=1      Inaccurate:     	White=1     	Black=1      OK:         	White=17    	Black=12     Best:        	White=2     	Black=3      Strong:       	White=1     	---} 1/2-1/2

[Event "Budapest GM ONE WEEK Feb 2024"]
[Site "Budapest"]
[Date "2024.03.02"]
[Round "9.5"]
[White "Paszewski, Mateusz"]
[Black "Tomic, Aleksandar"]
[Result "0-1"]
[ECO "B01"]
[WhiteElo "2286"]
[BlackElo "2398"]
[Annotator "TA"]
[PlyCount "82"]
[EventDate "2024.02.25"]
[EventType "tourn"]
[EventCountry "HUN"]
[SourceTitle "playchess.com"]
[Source "ChessBase"]
[SourceQuality "1"]
[TimeControl "5400+30"]

1. e4 d5 2. exd5 Nf6 3. Nf3 Nxd5 4. d4 Bf5 5. Bd3 Bxd3 6. Qxd3 c6 7. O-O e6 8. c4 Nf6 9. Nc3 {[%emt 0:00:10] White is slightly better.} Be7 10. Bf4 Nbd7 11. Rad1 O-O 12. Rfe1 Re8 13. Qe2 Qa5 14. Rd3 Nf8 15. Ne5 Rad8 16. Red1 Ng6 17. Bg3 Qa6 18. b3 (18. Qf3 $14) 18... Qa5 19. h3 Bb4 20. Nb1 Rc8 (20... Be7 $11) 21. Qb2 (21. h4 $16) 21... Be7 22. Nd2 Ba3 23. Qc2 b5 24. Ndf3 Be7 25. Rc3 (25. Re3 $14 {deserves consideration.}) 25... Ne4 $11 26. Re3 Nxg3 27. fxg3 c5 (27... Qc7 $11) 28. Nxg6 $14 hxg6 29. d5 exd5 30. Rxd5 {[%emt 0:00:55] Strongly threatening Qe2.} Bf8 31. Rxe8 Rxe8 32. cxb5 Qxb5 33. Ne5 (33. Kh2 $11) 33... Qb8 $15 34. Qc3 Bd6 $1 35. Nf3 Bxg3 36. Rxc5 (36. Kh1 $142) 36... Qb6 $1 $36 {[%emt 0:01:14][%mdl 2048] Keeping White busy.} 37. Kh1 Qa6 {[%emt 0:01:58] Prevents Rc8. Black is more active.} 38. Kg1 {[%emt 0:03:03][%mdl 8192] [#] Wards off Qf1+. Now White is beyond hope.} (38. Rc4 $17) 38... Qe2 $1 $19 {[%emt 0:01:15] ( -> ...Qd1+). Black is clearly winning.} (38... Qxa2 $2 39. Qc2 Qa6 40. Rc6 $19) 39. Rc8 {[%emt 0:01:56] [#]} (39. Qc1 $142 Bf2+ (39... Qxa2 $2 40. Rc8 $19) 40. Kh2 Bxc5 (40... Qxa2 $2 41. Rc2 $18) 41. Qxc5 Qxa2 42. b4) 39... Qd1+ $1 40. Ne1 Rxc8 (40... Bxe1 $2 {is the wrong capture.} 41. Rxe8+ Kh7 42. Qxe1 $18 (42. Rxe1 Qd8 $18)) 41. Qxc8+ Kh7 {[%emt 0:00:27] Weighted Error Value: White=0.40/Black=0.10 (very precise) .  Loses game:     	White=1     	---        Mistake:       	White=6     	Black=2      Inaccurate:     	White=3     	Black=1      OK:         	White=11    	Black=13     Best:        	White=2     	Black=3      Strong:       	---       	Black=4} 0-1

[Event "Budapest GM ONE WEEK Feb 2024"]
[Site "Budapest"]
[Date "2024.03.02"]
[Round "9.5"]
[White "Haszon, David"]
[Black "Polyik, Peter"]
[Result "*"]
[ECO "B01"]
[WhiteElo "2264"]
[BlackElo "2295"]
[Annotator "RC"]
[PlyCount "22"]
[EventDate "2024.02.25"]
[EventType "tourn"]
[EventCountry "HUN"]
[SourceTitle "playchess.com"]
[Source "ChessBase"]
[SourceQuality "1"]
[TimeControl "5400+30"]

1. e4 d5 2. exd5 Nf6 3. Nf3 Nxd5 4. d4 Bf5 5. Bd3 Bxd3 6. Qxd3 c6 7. O-O e6 8. c4 Nf6 9. Nc3 Be7 10. Bf4 Nbd7 11. Rad1 O-O *